 Dungeon Crawl Stone Soup version 0.18-a0-1731-g08f49a8 (webtiles) character file.

3360 therodimus the Basher (level 9, -3/86 HPs)
             Began as a Deep Dwarf Fighter on Apr 11, 2016.
             Was a Follower of Makhleb.
             Slain by a basilisk (8 damage)
             ... on level 8 of the Dungeon.
             The game lasted 00:12:41 (6915 turns).

therodimus the Basher (Deep Dwarf Fighter)          Turns: 6915, Time: 00:12:42

Health: -3/86      AC: 12    Str: 19    XL:     9   Next: 73%
Magic:  7/7        EV:  9    Int: 10    God:    Makhleb [*.....]
Gold:   172        SH:  9    Dex: 15    Spells: 0 memorised, 8 levels left

rFire  . . .     SeeInvis +     D - +7 trident of Gaujupicw {pierce, SInv}
rCold  . . .     Gourm    .     m - +1 scale mail {rPois}
rNeg   . . .     Faith    .     c - +0 shield
rPois  +         Spirit   .     (no helmet)
rElec  .         Dismiss  .     A - +2 cloak {MR+}
rCorr  .         Reflect  .     (no gloves)
SustAt .         Harm     .     F - +0 pair of boots
MR     ++...                    (no amulet)
Stlth  ..........               (no ring)
                                (no ring)

@: non-regenerating, very resistant to hostile enchantments, extremely
unstealthy
A: damage resistance, recharge devices, sense surroundings 2, slow regeneration
3
a: Device Recharging, Renounce Religion


You were on level 8 of the Dungeon.
You worshipped Makhleb.
Makhleb was aware of your devotion.
You were not hungry.

You visited 2 branches of the dungeon, and saw 9 of its levels.

You collected 312 gold pieces.
You spent 140 gold pieces at shops.

Inventory:

Hand Weapons
 a - a +0 flail
 z - a +0 greatsling
 D - the +7 trident of Gaujupicw (weapon) {pierce, SInv}
   (You found it on level 6 of the Dungeon)

   It inflicts extra damage upon your enemies.
   It lets you see invisible.
 H - a +0 morningstar
Armour
 c - a +0 shield (worn)
 m - a +1 scale mail of poison resistance (worn)
 A - a +2 cloak of magic resistance (worn)
 F - a +0 pair of boots (worn)
Jewellery
 u - an uncursed amulet of harm {unknown}
 y - an uncursed amulet of guardian spirit
 J - an uncursed ring of poison resistance {unknown}
Wands
 e - a wand of heal wounds (2/9)
 o - a wand of slowing (14/48)
 B - a wand of disintegration (8/24)
 I - a wand of paralysis (6/24)
Scrolls
 d - 4 scrolls of remove curse
 g - 2 scrolls of enchant armour {unknown}
 h - 5 scrolls of teleportation
 j - 2 scrolls of recharging {unknown}
 k - 3 scrolls of fear {unknown}
 l - 13 scrolls of identify {unknown}
 n - 3 scrolls of immolation {unknown}
 q - a scroll of random uselessness {unknown}
 r - a scroll of enchant weapon {unknown}
 t - 2 scrolls of amnesia {unknown}
 C - a scroll of holy word {unknown}
Potions
 i - 5 potions of curing
 p - 2 potions of heal wounds
 v - 2 potions of degeneration {unknown}
 w - a potion of resistance {unknown}
Books
 b - a book of Burglary

   Spells                             Type                      Level
   a - Swiftness                      Charms/Air                   2
   b - Passwall                       Transmutation/Earth          2
   c - Passage of Golubria            Translocation                4
   d - Lee's Rapid Deconstruction     Earth                        5
   e - Darkness                       Hexes                        6
   f - Invisibility                   Hexes                        6
 G - a book of Ice

   Spells                             Type                      Level
   a - Ice Form                       Ice/Transmutation            4
   b - Metabolic Englaciation         Hexes/Ice                    5
   c - Ozocubu's Refrigeration        Ice                          6
   d - Bolt of Cold                   Conjuration/Ice              6
   e - Freezing Cloud                 Conjuration/Ice/Air          6
   f - Simulacrum                     Ice/Necromancy               6
Comestibles
 f - 5 bread rations
 s - 2 chunks of flesh
 x - 2 meat rations
 E - a slice of pizza


   Skills:
 - Level 7.3 Fighting
 - Level 10.7 Maces & Flails
 + Level 2.0 Polearms
 - Level 3.2 Armour
 + Level 2.9 Dodging
 - Level 3.2 Shields
 + Level 3.4 Evocations


You had 8 spell levels left.
You didn't know any spells.

Dungeon Overview and Level Annotations

Branches:
Dungeon (8/15)             Temple (1/1) D:7
   Lair: D:8-11

Altars:
Ashenzari
Cheibriados
Dithmenos
Elyvilon
Fedhas
Gozag
Kikubaaqudgha
Makhleb
Nemelex Xobeh
Okawaru
Pakellas
Qazlal
Ru
Trog
Vehumet
Xom
Yredelemnul
Zin
The Shining One

Shops:
D:5 (   D:7 !


Innate Abilities, Weirdness & Mutations

You are resistant to damage.
You can recharge devices by infusing magical energy.
You passively map the area around you.
You do not regenerate naturally.


Message History

You closely miss the basilisk.
The basilisk is heavily wounded.
The basilisk gazes at you. You resist with almost no effort.
You barely miss the basilisk.
The basilisk is heavily wounded.
The basilisk bites you but does no damage.
You block the basilisk's attack.
You hit the basilisk.
The basilisk is heavily wounded.
The basilisk gazes at you. You resist with almost no effort.
You puncture the basilisk!
The basilisk is almost dead.
The basilisk bites you!
* * * LOW HITPOINT WARNING * * *
You closely miss the basilisk.
The basilisk is almost dead.
The basilisk bites you!
You die...

*, ,,, ........... ** , , , ,
#PO..o....., , ** #...P..P...P *
, ,,, , #.........P.* ,, ... *
#.......... ,* , .....*
#.....♣...., * ,.... #.$.....# *
,,,, ... #..†....# ..' *** ,
*####.#####@......#...* * ,, ,
.........l###'####...#
..........#..........# ... ,,
...#.....#..........# * _. ,
#.....#..........# ..,. , *
#<....#..........#...*
............#..........#.. .#
.......#'####..).......'#####
.#.........+.....................


You could see a basilisk, a two-headed ogre (wandering) and an orc wizard
(mute).

Vanquished Creatures
  Sigmund (D:2)
  A basilisk (D:8)
  The ghost of lordive the Chopper, an amateur MiGl (D:4)
  A hippogriff (D:7)
  2 porcupines (D:7)
  A black bear (D:7)
  2 ice beasts
  2 phantoms
  2 ogres
  2 centaurs (D:7)
  3 crocodiles
  2 giant frogs
  A howler monkey (D:4)
  5 wights (D:6)
  2 centaur zombies
  2 crimson imps
  4 hounds
  A quasit (D:7)
  6 orc wizards
  4 orc priests
  Crazy Yiuf (D:5)
  Jessica (D:2)
  An iguana (D:8)
  3 worker ants
  7 sheep
  6 gnolls
  15 adders
  A river rat (D:7)
  A shadow imp (D:8)
  2 oozes
  A worm (D:3)
  5 dart slugs
  8 giant geckos
  11 orcs
  7 bats
  7 giant cockroaches
  6 goblins
  4 hobgoblins
  11 jackals
  10 quokkas
  2 ball pythons
  A giant gecko zombie (D:5)
  3 giant newts
  A jackal skeleton (D:6)
  12 kobolds
  A quokka skeleton (D:7)
  7 rats
180 creatures vanquished.

Vanquished Creatures (others)
  4 toadstools (D:1)
4 creatures vanquished.

Grand Total: 184 creatures vanquished

Notes
Turn   | Place    | Note
--------------------------------------------------------------
     0 | D:1      | therodimus the Deep Dwarf Fighter began the quest for the Orb.
     0 | D:1      | Reached XP level 1. HP: 20/20 MP: 1/1
    77 | D:1      | Reached XP level 2. HP: 27/27 MP: 2/2
   132 | D:1      | Reached skill level 3 in Maces & Flails
   179 | D:1      | Reached XP level 3. HP: 21/34 MP: 3/3
   529 | D:2      | Noticed Sigmund
   548 | D:2      | Killed Sigmund
   548 | D:2      | Reached skill level 5 in Maces & Flails
   548 | D:2      | Reached XP level 4. HP: 17/44 MP: 4/4
   548 | D:2      | Reached XP level 5. HP: 20/50 MP: 5/5
   761 | D:2      | Reached XP level 6. HP: 19/57 MP: 6/6
   862 | D:2      | Noticed Jessica
   875 | D:2      | Killed Jessica
  1488 | D:3      | You fall through a shaft for 3 floors!
  1504 | D:5      | Entered Level 5 of the Dungeon
  1631 | D:4      | Reached skill level 6 in Maces & Flails
  1685 | D:4      | Noticed lordive's ghost (amateur MiGl)
  1739 | D:3      | Reached XP level 7. HP: 32/66 MP: 7/7
  1897 | D:3      | Found a glowing golden altar of the Shining One.
  2374 | D:4      | Found a shattered altar of Ashenzari.
  2468 | D:4      | Killed lordive's ghost
  2468 | D:4      | Reached skill level 5 in Fighting
  2468 | D:4      | Reached skill level 7 in Maces & Flails
  2904 | D:5      | Found a glowing silver altar of Zin.
  2956 | D:5      | Found Yrrievont's Weapon Boutique.
  3270 | D:5      | Noticed Crazy Yiuf
  3278 | D:5      | Killed Crazy Yiuf
  3658 | D:6      | Reached XP level 8. HP: 20/75 MP: 0/7
  3917 | D:6      | Reached skill level 8 in Maces & Flails
  3935 | D:6      | You fall through a shaft!
  4491 | D:6      | Got a polished trident
  4558 | D:6      | Reached skill level 9 in Maces & Flails
  5128 | D:7      | Found a staircase to the Ecumenical Temple.
  5137 | Temple   | Entered the Ecumenical Temple
  5146 | Temple   | Became a worshipper of Makhleb the Destroyer
  5321 | D:7      | Found a shimmering altar of Xom.
  5487 | D:7      | Gained mutation: You passively map the area around you. [Deep Dwarf growth]
  5487 | D:7      | Reached XP level 9. HP: 18/85 MP: 7/7
  5559 | D:7      | Reached skill level 10 in Maces & Flails
  5618 | D:7      | HP: 3/85 [hippogriff (3)]
  5636 | D:7      | Found Ureorauk's Distillery.
  5640 | D:7      | Bought 2 potions of heal wounds for 140 gold pieces
  6416 | D:8      | Found an opulent altar of Gozag.
  6442 | D:8      | Found a sacrificial altar of Ru.
  6461 | D:8      | Found a stormy altar of Qazlal.
  6514 | D:8      | Reached * piety under Makhleb
  6529 | D:8      | Identified the +7 trident of Gaujupicw {pierce, SInv} (You found it on level 6 of the Dungeon)
  6593 | D:8      | Reached skill level 1 in Dodging
  6593 | D:8      | Reached skill level 1 in Evocations
  6737 | D:8      | Reached skill level 1 in Polearms
  6886 | D:8      | HP: 1/86 [sheep (4)]
  6915 | D:8      | Slain by a basilisk

Vault maps used:
D:1:      ldierk_walled_garden_2, glass_columns_a
D:2:      minmay_kobold_bridge, grunt_ministairs_15, kennysheep_jessica_study,
          uniq_sigmund
D:3:      wad_woods_tower, marbit_many_paths
D:4:      ashenzari_conservatory_becter
D:5:      kennysheep_mini, serial_shops, nicolae_shop_behind_doors, first_bread,
          uniq_crazy_yiuf_cottage
D:7:      lemuel_doored_altar, temple_hall, serial_shops, shop,
          dk_noncrumbling_4
D:8:      kennysheep_mini_moat, nicolae_ru_great_annihilating_truth,
          nicolae_qazlal_style_of_elements, overflow_temple_1_default,
          minmay_lair_entry_grove
Temple:   circular_temple_12

Skill      XL: |  1  2  3  4  5  6  7  8  9 |
---------------+----------------------------+-----
Fighting       | 3 4 5 6 7 |  7.3
Maces & Flails | 3 5 6 7 9 10 | 10.7
Dodging        | 2 |  2.9
Evocations     | 3 |  3.4
Polearms       | 2 |  2.0
Armour         | |  3.2
Shields        | |  3.2

Action                   |  1- 3 |  4- 6 |  7- 9 || total
-------------------------+-------+-------+-------++-------
Melee: Flail             |   125 |   198 |   497 ||   820
       Trident           |       |       |    81 ||    81
 Abil: Device Recharging |       |       |     4 ||     4
Evoke: Wand              |     1 |     4 |    14 ||    19
  Use: Potion            |     1 |       |     7 ||     8
       Scroll            |       |       |     2 ||     2
  Eat: Chunk             |       |     3 |    17 ||    20
       Pizza             |       |       |     1 ||     1
